 Dungeon Crawl Stone Soup version 0.29-a0-1-gf2d273c862 (webtiles) character file.

Game seed: 9798912039939411300

80 Grim the Poker (level 4, -5/35 HPs)
             Began as a Formicid Fighter on Jan 25, 2022.
             Slain by an ogre (20 damage)
             ... on level 4 of the Dungeon.
             The game lasted 00:03:59 (2818 turns).

Grim the Poker (Formicid Fighter)                   Turns: 2818, Time: 00:04:00

Health: -5/35      AC:  6    Str: 20    XL:     4   Next: 65%
Magic:  4/4        EV:  9    Int: 10    God:
Gold:   226        SH:  4    Dex: 10    Spells: 3/3 levels left

rFire   . . .      SeeInvis +   a - +0 trident
rCold   . . .      Faith    .   c - +0 buckler
rNeg    . . .      Spirit   .   b - +0 scale mail
rPois   .          Reflect  .   (helmet unavailable)
rElec   .          Harm     .   (no cloak)
rCorr   .          Rampage  .   (no gloves)
Will    .....                   (no boots)
Stlth   ..........              (no amulet)
HPRegen 0.11/turn               (no ring)
MPRegen 0.09/turn               (no ring)

@: no status effects
A: permanent stasis, dig shafts and tunnels, antennae 3, four strong arms
a: Dig, Shaft Self


You were on level 4 of the Dungeon.
You visited 1 branch of the dungeon, and saw 4 of its levels.

You collected 226 gold pieces.

Inventory:

Hand Weapons
 a - a +0 trident (weapon)
Missiles
 f - 75 stones (quivered)
Armour
 b - a +0 scale mail (worn)
 c - a +0 buckler (worn)
Jewellery
 k - a ring of fire
Wands
 m - a wand of acid (11)
Scrolls
 e - 2 scrolls of teleportation {unknown}
 h - 2 scrolls of immolation {unknown}
 i - a scroll of blinking {unknown}
 j - 3 scrolls of identify {unknown}
Potions
 d - 2 potions of might
 g - a potion of haste {unknown}
 n - a potion of invisibility {unknown}
 o - 2 potions of mutation {unknown}


   Skills:
 - Level 3.2 Fighting
 + Level 4.5 Polearms
 - Level 3.2 Armour
 - Level 3.6 Shields


You had 3 spell levels left.
You didn't know any spells.
Your spell library contained the following spells:

 Spells                   Type           Power      Damage    Failure   Level
 Animate Skeleton         Necr           0%         N/A       78%         1
 Pain                     Necr           0%         1d4       78%         1
 Vampiric Draining        Necr           0%         2d6       98%         3
 Iskenderun's Battlesphe  Conj           0%         2d6       100%        5
 Iron Shot                Conj/Erth      0%         9d1       100%        6
 Spellforged Servitor     Conj/Summ      0%         N/A       100%        7


Dungeon Overview and Level Annotations

Branches:
Dungeon (4/15)
 Temple: D:4-7

Altars:

Shops:
D:3 ?


Innate Abilities, Weirdness & Mutations

You cannot be hasted, slowed, berserked, paralysed or teleported.
You can dig through walls and to a lower floor.
You have a pair of large antennae on your head. (SInv)
Your four strong arms can wield two-handed weapons with a shield.


Message History

You throw a poisoned dart.
The poisoned dart barely misses the ball python.
The poisoned dart hits the ogre.
The ogre is poisoned.
The ball python bites you. The ball python grabs you.
The ball python constricts you.
You puncture the ball python!
You kill the ball python!
Throw: 2 darts (poison)
Press: ? - help, Q - select action, (/) - cycle Shift-Dir - straight line, f/p - ogre
Aim: an ogre, wielding a +0 giant spiked club (lightly wounded, poisoned, 72% to hit)
You throw a poisoned dart. The poisoned dart hits the ogre.
The ogre looks even sicker.
The ogre is lightly wounded.
A kobold comes into view. It is wielding a +0 dagger.
Throw: dart (poison)
Press: ? - help, Q - select action, (/) - cycle Shift-Dir - straight line, f/p - ogre
Aim: an ogre, wielding a +0 giant spiked club (lightly wounded, very poisoned, 72% to hit)
You throw a poisoned dart. The poisoned dart hits the ogre.
The ogre is lightly wounded.
The kobold shouts!
You barely miss the ogre.
The ogre is lightly wounded.
The ogre hits you with a +0 giant spiked club!!
Ouch! That really hurt!
* * * LOW HITPOINT WARNING * * *
You are too injured to fight recklessly!
You are too injured to fight recklessly!
You puncture the ogre!
The ogre is moderately wounded.
The ogre barely misses you.
You hit the ogre.
The ogre is heavily wounded.
The ogre barely misses you.
You puncture the ogre!
The ogre is almost dead.
You hit the ogre but do no damage.
The ogre is almost dead.
The ogre hits you with a +0 giant spiked club!!
Ouch! That really hurt!
You die...

#.# .( .(
#. #( #K##
#.O# #@#
#.# #.#
#.## #..#
##.# #.#
#.#
...#####.#


You could see an ogre (poisoned) and a kobold.

Vanquished Creatures
  3 adders (D:2)
  A worm (D:3)
  A dart slug (D:2)
  9 ball pythons
  3 bats
  2 endoplasms (D:1)
  2 giant cockroaches
  3 goblins (D:1)
  6 hobgoblins
  3 quokkas
  4 frilled lizards
  4 kobolds
  8 rats
49 creatures vanquished.

Notes
Turn   | Place    | Note
-------+----------+-------------------------------------------
     0 | D:1      | Grim the Formicid Fighter began the quest for the Orb.
     0 | D:1      | Reached XP level 1. HP: 18/18 MP: 1/1
   361 | D:1      | Reached XP level 2. HP: 24/24 MP: 2/2
   583 | D:1      | Reached skill level 3 in Polearms
   665 | D:1      | Reached XP level 3. HP: 25/29 MP: 3/3
  1725 | D:2      | Reached skill level 4 in Polearms
  1725 | D:2      | Reached XP level 4. HP: 34/35 MP: 4/4
  2576 | D:3      | Found Feiboana's Magic Scroll Emporium.
  2807 | D:4      | Noticed an ogre
  2818 | D:4      | Slain by an ogre

Illustrated notes

Levels and vault maps discovered:
D:1:      heliophobic_arrival_henge, layout_basic
D:2:      layout_rooms, kennysheep_generic_room_5
D:3:      layout_rooms, serial_shops, shop
D:4:      layout_loops_ring, minmay_goblin_outpost

Skill      XL: |  1  2  3 |
---------------+----------+-----
Polearms       | 3 4 |  4.5
Fighting       | |  3.2
Armour         | |  3.2
Shields        | |  3.6

Action                   |  1- 3 |  4- 6 || total
-------------------------+-------+-------++-------
Melee: Trident           |   116 |    50 ||   166
Throw: Stone             |    44 |    10 ||    54
       Dart              |       |    14 ||    14
 Abil: Dig               |     1 |       ||     1
Armor: Scale mail        |    41 |    18 ||    59
Dodge: Dodged            |    33 |    13 ||    46
Block: Buckler           |    24 |     5 ||    29

Table legend: (Time is in decaauts)
 A = Elapsed time spent in this place.
 B = Non-inter-level travel time spent in this place.
 C = Inter-level travel time spent in this place.
 D = Time resting spent in this place.
 E = Time spent auto-exploring this place.
 F = Levels seen in this place.
 G = Mean time per level.
                   A        B        C        D        E       F      G
               +--------+--------+--------+--------+--------+-----+--------+
         Total |   2850 |   2773 |     77 |    889 |   1459 |   4 |  712.5 |
       Dungeon |   2850 |   2773 |     77 |    889 |   1459 |   4 |  712.5 |
               +--------+--------+--------+--------+--------+-----+--------+

Top non-repeatable levels by time:
     D:1: 1512 daAuts
     D:2: 888 daAuts
     D:3: 424 daAuts
     D:4: 24 daAuts
